Map: Halción

Players

MrFercho - Winner!

  • Race: Terran Terran
  • Spawn Location: 3:00

tigro

  • Race: Terran Terran
  • Spawn Location: 9:00

VOD

Have the link to the VOD?

Description

Time

  • Played on: Oct. 2, 2018, 10:56 p.m.
  • Length: 34:38
Show
View Real Time Build Order
Export as new Build Order

MrFercho Terran - Winner!

Build Orders:  

Get SALT Encoding   

  12  0:02  SCV  
  13  0:18  Supply Depot  
  13  0:30  SCV  
  14  0:36  Refinery  
  14  0:39  Refinery  
  14  0:42  SCV  
  15  0:54  SCV  
  15  0:55  Supply Depot  
  16  1:06  SCV  
  17  1:18  SCV  
  18  1:26  Barracks  
  18  1:30  SCV  
  19  1:42  SCV  
  20  1:54  Engineering Bay  
  20  1:55  SCV  
  21  2:07  SCV  
  22  2:19  SCV  
  23  2:23  Barracks  
  23  2:31  SCV  
  23  2:35  Factory  
  24  2:43  SCV  
  25  2:55  SCV  
  26  3:07  SCV  
  27  3:16  Barracks Tech Lab  
  27  3:17  Barracks Tech Lab  
  27  3:19  SCV  
  28  3:33  Engineering Bay  
  28  3:34  Sensor Tower  
  28  3:36  Factory  
  28  3:45  Orbital Command  
  28  3:51  Reaper x2  
  30  4:00  Engineering Bay  
  30  4:10  Supply Depot  
  30  4:12  Supply Depot  
  30  4:21  Factory  
  30  4:23  Marine  
  31  4:31  Marine  
  31  4:33  Sensor Tower  
  32  4:57  Command Center  
  32  5:00  Refinery  
  32  5:02  SCV  
  33  5:14  SCV  
  34  5:27  SCV  
  35  5:38  Sensor Tower  
  35  5:39  SCV  
  36  5:51  SCV  
  37  6:03  Factory Tech Lab x3  
  35  6:11  Marauder x2  
  39  6:27  Armory  
  39  6:29  Terran Infantry Weapons Level 1  
  39  6:30  Terran Infantry Armor Level 1, Neosteel Armor  
  39  6:31  Marine  
  39  6:32  Marine  
  41  6:47  Refinery  
  41  6:50  Orbital Command  
  41  6:54  SCV  
  42  7:06  SCV  
  43  7:15  Armory  
  43  7:18  SCV  
  44  7:24  Sensor Tower  
  44  7:30  SCV  
  44  7:33  Thor x2  
  57  7:42  SCV  
  58  8:05  Armory  
  58  8:10  Neosteel Frame  
  58  8:18  SCV x2  
  60  8:20  Command Center  
  60  8:23  Hi-Sec Auto Tracking  
  60  8:30  Supply Depot, SCV  
  60  8:31  SCV  
  62  8:42  SCV  
  62  8:43  SCV  
  64  8:50  Siege Tank x3  
  64  8:53  Supply Depot  
  64  8:55  SCV x2  
  75  9:32  Starport  
  75  9:36  Refinery  
  75  9:45  SCV  
  76  9:52  SCV x2  
  78  9:57  SCV  
  79  10:01  Refinery  
  79  10:04  SCV x2  
  81  10:09  Starport, SCV  
  82  10:16  SCV x2  
  82  10:17  Supply Depot  
  84  10:21  SCV  
  86  10:28  SCV  
  86  10:34  SCV  
  86  10:35  Hellbat x3  
  93  10:40  Supply Depot, Combat Shield, Concussive Shells  
  93  10:43  Terran Infantry Weapons Level 2, Terran Infantry Armor Level 2  
  93  10:46  Terran Ship Weapons Level 1, Terran Vehicle And Ship Armor Level 1, Terran Vehicle Weapons Level 1  
  93  10:47  Starport  
  93  10:50  Smart Servos  
  93  10:51  Rapid Fire Launchers, Drilling Claws  
  93  11:04  Supply Depot  
  93  11:26  Supply Depot  
  93  11:44  Stimpack  
  93  11:50  Supply Depot  
  93  12:07  Orbital Command  
  93  12:09  Infernal Pre-Igniter  
  93  12:11  Starport Tech Lab x2  
  93  12:12  Starport Tech Lab  
  93  12:13  Supply Depot  
  93  12:21  Fusion Core  
  93  12:25  Thor x3  
  111  12:43  Weapon Refit  
  111  13:08  Widow Mine x2  
  111  13:09  Widow Mine  
  117  13:30  Widow Mine x3  
  117  13:31  Raven  
  117  13:32  Raven  
  127  13:34  Battlecruiser  
  133  13:47  Supply Depot  
  133  14:09  Supply Depot  
  133  14:14  Battlecruiser  
  139  14:33  Supply Depot  
  139  14:54  Viking x2  
  139  14:57  Supply Depot  
  143  15:01  Liberator  
  143  15:07  Liberator x2  
  143  15:20  Supply Depot  
  146  15:25  Refinery  
  152  15:36  Refinery  
  152  15:39  Refinery  
  152  15:42  Supply Depot, Refinery  
  152  15:52  Command Center  
  152  15:57  Command Center  
  152  15:58  Refinery  
  152  16:00  Advanced Ballistics  
  152  16:01  Rapid Reignition System, Corvid Reactor  
  152  16:10  Refinery  
  152  16:17  Ghost Academy  
  152  16:46  Missile Turret  
  152  16:47  Ghost Academy  
  152  16:54  Missile Turret  
  152  16:55  Missile Turret  
  152  16:56  Missile Turret  
  152  16:58  Cloaking Field  
  152  17:04  Missile Turret x2  
  152  17:09  Missile Turret  
  152  17:15  Command Center  
  152  17:17  Ghost Academy  
  152  17:19  Hyperflight Rotors  
  152  17:24  Missile Turret  
  152  17:25  Missile Turret  
  152  17:26  Missile Turret  
  152  17:35  Missile Turret  
  152  17:37  Missile Turret  
  152  17:39  SCV  
  152  17:40  SCV x2  
  152  17:42  Missile Turret  
  152  17:44  Orbital Command  
  155  17:47  Ghost Academy, Orbital Command  
  155  17:51  SCV, Missile Turret  
  155  17:52  SCV x2  
  155  17:53  Missile Turret  
  158  18:04  SCV x3  
  161  18:05  Missile Turret  
  161  18:10  Missile Turret  
  161  18:16  SCV x3  
  161  18:18  Ghost Academy  
  164  18:34  Medivac x3  
  170  18:44  Terran Vehicle And Ship Armor Level 2, Terran Vehicle Weapons Level 2, Terran Ship Weapons Level 2  
  170  18:47  Terran Infantry Weapons Level 3  
  170  18:48  Terran Infantry Armor Level 3  
  170  18:50  Ghost Academy  
  170  18:53  Personal Cloaking  
  170  19:04  Medivac  
  170  19:09  Ghost x2  
  176  19:26  Thor x2  
  176  19:27  Siege Tank  
  191  19:37  Ghost x2  
  192  19:59  Siege Tank  
  195  20:06  Ghost x2  
  196  21:44  Nuke x5  
  196  21:45  Nuke  
  191  22:39  Orbital Command  
  158  29:24  Hellion x3  
  158  29:29  Marine x2  
  160  29:37  Banshee x3  
  169  29:45  Cyclone x2, Siege Tank  
  178  29:47  Marine x2  
  175  30:17  Thor x2, Cyclone  
  175  30:20  Banshee x3  
  194  31:03  Battlecruiser  
  200  31:10  Nuke x6  
  192  32:07  Viking  
  188  32:37  Battlecruiser  
  192  33:16  Nuke x3  
  192  33:17  Nuke x3  
Show
View Real Time Build Order
Export as new Build Order

tigro Terran 

Build Orders:  

Get SALT Encoding   

  12  0:04  SCV  
  13  0:17  Refinery  
  13  0:24  Refinery  
  13  0:35  Supply Depot  
  13  0:38  SCV  
  14  0:50  SCV  
  15  1:02  SCV  
  16  1:13  Supply Depot  
  16  1:14  SCV  
  17  1:26  SCV  
  18  1:42  Barracks  
  18  1:50  SCV  
  19  2:32  Marine, Engineering Bay  
  20  2:50  Marine  
  21  3:03  Supply Depot  
  21  3:05  Planetary Fortress  
  21  3:08  Marine  
  22  3:26  Marine  
  23  3:35  Command Center  
  23  3:43  Marine  
  24  3:52  SCV  
  25  4:05  Terran Infantry Weapons Level 1  
  25  4:18  Barracks Tech Lab  
  25  4:43  Marauder  
  27  4:48  Concussive Shells  
  27  4:51  Missile Turret  
  27  5:04  Marauder, SCV  
  30  5:16  SCV  
  31  5:23  Refinery  
  31  5:26  Marauder  
  31  5:28  SCV  
  34  5:40  SCV  
  35  5:45  Supply Depot  
  35  5:47  Marauder  
  36  5:59  Terran Infantry Armor Level 1  
  36  6:24  Combat Shield  
  36  6:30  Marauder  
  38  6:48  Missile Turret  
  38  6:51  Marauder  
  40  7:09  Ghost Academy  
  40  7:13  Marauder  
  42  7:34  Marauder  
  44  7:40  Missile Turret  
  44  7:51  Factory  
  44  7:53  Hi-Sec Auto Tracking  
  44  7:55  Marauder  
  46  7:59  Planetary Fortress  
  46  8:05  Stimpack  
  46  8:13  Missile Turret  
  46  8:17  Marauder  
  48  8:37  SCV  
  48  8:38  Marine  
  50  8:49  SCV  
  50  8:50  Neosteel Frame  
  50  8:52  Bunker  
  50  8:53  Factory Tech Lab  
  51  8:55  Marine  
  51  9:02  SCV  
  53  9:13  Marine  
  53  9:14  SCV  
  55  9:20  Infernal Pre-Igniter  
  55  9:24  Siege Tank  
  55  9:26  SCV  
  55  9:29  Bunker  
  59  9:31  Marine  
  60  9:49  Marine  
  60  9:52  Starport  
  61  10:07  Supply Depot, Marine  
  61  10:09  Neosteel Armor  
  62  10:28  Marine, Siege Tank  
  66  10:46  Marine  
  67  11:00  Siege Tank  
  70  11:13  Rapid Fire Launchers  
  70  11:33  Armory, Starport Tech Lab  
  70  11:54  Supply Depot  
  70  12:15  Marine, Siege Tank  
  74  12:33  Marine  
  75  12:47  Siege Tank  
  78  12:53  Rapid Reignition System  
  78  13:32  Refinery  
  78  13:36  Terran Ship Weapons Level 1  
  78  13:40  Terran Infantry Weapons Level 2  
  78  13:45  Personal Cloaking  
  78  13:50  Corvid Reactor  
  78  14:18  Supply Depot  
  78  14:40  Marine, SCV  
  80  14:46  Missile Turret  
  80  14:59  Refinery  
  80  15:08  Cloaking Field  
  80  15:11  Nuke  
  80  15:19  Refinery  
  80  15:30  Command Center, Terran Vehicle Weapons Level 1  
  80  15:37  Fusion Core  
  80  15:40  Marauder  
  82  15:56  Terran Infantry Armor Level 2  
  82  16:02  Marauder  
  84  16:11  Weapon Refit  
  84  16:23  Marauder  
  86  16:28  Hyperflight Rotors  
  86  16:41  Thor  
  86  16:45  Marauder  
  94  17:05  Barracks  
  94  17:06  Marauder  
  96  17:14  Orbital Command  
  96  17:24  Terran Vehicle And Ship Armor Level 1  
  96  17:29  Supply Depot  
  96  17:43  Missile Turret  
  96  17:48  SCV  
  96  17:50  Thor  
  103  17:58  Battlecruiser  
  109  18:20  Supply Depot  
  109  18:23  Barracks Tech Lab  
  109  18:35  Starport  
  109  18:42  Thor, SCV  
  116  18:54  SCV  
  117  19:10  Supply Depot  
  117  19:31  Thor  
  117  19:38  Supply Depot, Missile Turret  
  121  19:58  Starport Tech Lab  
  121  20:00  Battlecruiser  
  121  20:07  Missile Turret  
  127  20:14  Thor  
  126  20:44  Missile Turret  
  118  20:57  Siege Tank  
  121  21:04  Battlecruiser  
  122  21:29  Siege Tank  
  118  21:56  Missile Turret  
  118  22:00  SCV  
  118  22:08  Medivac  
  118  22:12  SCV  
  121  22:16  SCV  
  122  22:24  SCV  
  122  22:28  SCV  
  124  22:36  SCV  
  125  22:38  Medivac  
  125  22:41  SCV  
  127  22:48  Missile Turret  
  121  22:53  SCV  
  115  23:08  Medivac  
  117  23:52  Missile Turret  
  117  24:32  Refinery  
  117  25:12  SCV  
  118  25:24  SCV  
  119  25:36  SCV  
  120  25:48  SCV  
  121  26:00  SCV  
  122  26:36  Battlecruiser  
  67  27:29  Marine  
  64  27:37  Marauder  
  58  27:47  Marine, Battlecruiser  
  67  27:58  Marauder, Refinery  
  67  28:04  Marine  
  64  28:20  Marauder  
  64  28:22  Marine  
  65  28:41  Marauder  
  68  28:51  Battlecruiser  
  73  29:02  Marauder  
  69  29:55  Battlecruiser  
  72  30:01  Thor  
Tags
 
Matchup
TvT
Race
Terran
Replay Pack
MrFercho
Spawn Locations
Cross Positions
Add a new tag
Caveats
  • Supply blocks, unpowered buildings, or Contaminate may cause inaccurate times.
  • Supply counts are checked every 10 seconds.